 Dungeon Crawl Stone Soup version 0.28.0-62-gf88900778d (webtiles) character file.

Game seed: 11326696790732314127

60 cbfl8 the Skirmisher (level 3, 0/34 HPs)
             Began as a Minotaur Berserker on June 27, 2023.
             Was a Believer of Trog.
             Succumbed to an adder's poison
             ... on level 3 of the Dungeon.
             The game lasted 00:02:52 (2620 turns).

cbfl8 the Skirmisher (Minotaur Berserker)           Turns: 2620, Time: 00:02:53

Health: 0/34       AC:  2    Str: 27    XL:     3   Next: 82%
Magic:  2/2        EV: 12    Int:  4    God:    Trog [**....]
Gold:   84         SH:  0    Dex: 11    Spells: 2/2 levels left

rFire   . . .      SeeInvis .   e - +0 war axe
rCold   . . .      Faith    .   (no shield)
rNeg    . . .      Spirit   .   b - +0 animal skin
rPois   .          Reflect  .   (helmet restricted)
rElec   .          Harm     .   (no cloak)
rCorr   .          Rampage  .   (no gloves)
Will    ++...                   (no boots)
Stlth   +.........              (no amulet)
HPRegen 1.11/turn               a - +6 ring of strength
MPRegen 0.08/turn               (no ring)

@: lethally poisoned (0 -> -1), strong-willed (expiring), regenerating
(expiring)
A: horns 2, retaliatory headbutt
a: Renounce Religion, Berserk, Trog's Hand


You were on level 3 of the Dungeon.
You worshipped Trog.
Trog was pleased with you.
You visited 1 branch of the dungeon, and saw 3 of its levels.

You collected 84 gold pieces.

Inventory:

Hand Weapons
 e - a +0 war axe (weapon)
Armour
 b - a +0 animal skin (worn)
Jewellery
 a - a +6 ring of strength (left hand)
Potions
 f - a potion of lignification


   Skills:
 * Level 4.4 Fighting
 * Level 4.4 Axes
 * Level 2.8 Armour
 * Level 2.6 Dodging
 * Level 0.6 Stealth
 * Level 0.3 Evocations


You had 2 spell levels left.
You didn't know any spells.
Your spell library was empty.

Dungeon Overview and Level Annotations

Branches:
Dungeon (3/15)

Altars:

Shops:
D:1 (


Innate Abilities, Weirdness & Mutations

You have a pair of horns on your head.
You reflexively headbutt those who attack you in melee.


Message History

You are more poisoned.
The adder poisons you!
You barely miss the adder. You headbutt the adder.
The adder is heavily wounded.
You feel very sick. The adder bites you.
You are more poisoned.
The adder poisons you!
You closely miss the adder.
The adder is heavily wounded.
You feel very sick. The adder bites you.
You are lethally poisoned!
The adder poisons you! The adder bites you.
You are too injured to fight recklessly!
You are too injured to fight recklessly!
Your skin crawls.
You feel strong-willed.
You feel very sick. The adder misses you.
You miss the adder.
The adder is moderately wounded.
You feel very sick. The adder closely misses you.
You closely miss the adder.
The adder is moderately wounded.
You feel very sick. The adder barely misses you.
The adder bites you but does no damage.
You miss the adder.
The adder is moderately wounded.
You feel sick. The adder bites you.
* * * LOW HITPOINT WARNING * * *
The adder closely misses you.
It was a potion of magic.
Magic courses through your body.
You feel sick. The adder bites you.
* * * LOW HITPOINT WARNING * * *
You barely miss the adder.
The adder is moderately wounded.
You feel the effects of Trog's Hand fading.
You die...

##...## .. #.....#
##...## #...# ##.##
#####.########
#######............##
#........#.....(....##
#.#####.@S...........##
#.#####.#...........#.##
#.....#.####...)....##.#
#####.#.# #.........#.##
#.#..[...........###
####.#####.#######....#
#....<.# #. ####.#
#.##.#.# .. #.#
#.##.#.#.. ####.##


You could see an adder.

Vanquished Creatures
  An adder (D:2)
  A worm (D:2)
  A dart slug (D:1)
  5 endoplasms
  2 giant cockroaches
  3 hobgoblins (D:1)
  4 jackals (D:2)
  5 kobolds
  2 quokkas
  3 ball pythons
  2 bats (D:1)
  4 frilled lizards
  3 goblins
  8 rats
44 creatures vanquished.

Notes
Turn   | Place    | Note
-------+----------+-------------------------------------------
     0 | D:1      | cbfl8 the Minotaur Berserker began the quest for the Orb.
     0 | D:1      | Reached XP level 1. HP: 19/19 MP: 0/0
    93 | D:1      | Reached XP level 2. HP: 18/27 MP: 1/1
   411 | D:1      | Found Werisopsot's Weapon Shop.
  1092 | D:2      | Reached XP level 3. HP: 33/33 MP: 2/2
  1123 | D:2      | Reached ** piety under Trog
  2618 | D:3      | HP: 1/34 [adder (3)]
  2620 | D:3      | Succumbed to an adder's poison

Illustrated notes

Levels and vault maps discovered:
D:1:      scummos_arrival_gate, layout_basic, serial_shops, shop, minmay_unequal
D:2:      layout_loops_corners, kennysheep_generic_room_4
D:3:      layout_loops_cross, makhleb_altar_promises_db, uniq_natasha

Skill      XL: |  1  2 |
---------------+-------+-----
Fighting       | 4 |  4.4
Axes           | 4 |  4.4
Armour         | |  2.8
Dodging        | |  2.6
Stealth        | |  0.6
Evocations     | |  0.3

Action                   || total
-------------------------++-------
Melee: Hand axe          ||    54
       Headbutt          ||    14
       Punch             ||     1
       War axe           ||    57
Invok: Trog's Hand       ||     1
  Use: Potion            ||     5
       Scroll            ||     1
 Stab: Sleeping          ||     3
Armor: Animal skin       ||    14
Dodge: Dodged            ||    63
